 Dungeon Crawl Stone Soup version 0.31.0-4-g52a2dc7128 (webtiles) character file.

Game seed: 17883529579047994434

596 Cheops the Poker (level 7, -14/52 HPs)
             Began as a Formicid Fighter on Jan 22, 2024.
             Demolished by an ogre
             ... wielding a +0 giant spiked club
              (33 damage)
             ... on level 4 of the Dungeon.
             The game lasted 00:10:26 (3919 turns).

Cheops the Poker (Formicid Fighter)                 Turns: 3919, Time: 00:10:27

Health: -14/52     AC:  8    Str: 23    XL:     7   Next: 67%
Magic:  16/16      EV:  9    Int:  7    God:
Gold:   192        SH:  5    Dex: 13    Spells: 6/6 levels left

rFire   . . .        a - +0 trident
rCold   + . .        c - +0 buckler
rNeg    . . .        f - +0 scale mail
rPois   .            (helmet unavailable)
rElec   .            l - +0 cloak
rCorr   .            (no gloves)
SInv    +            (no boots)
Will    .....        u - amulet of the acrobat Stlth
                     o - ring of magical power
HPRegen 0.28/turn    t - ring of protection from cold
MPRegen 0.15/turn

%: acrobat
@: no status effects
A: permanent stasis, dig shafts and tunnels, antennae 3, four strong arms
a: Dig, Shaft Self


You were on level 4 of the Dungeon.
You visited 1 branch of the dungeon, and saw 4 of its levels.

You collected 192 gold pieces.

Inventory:

Hand Weapons
 a - a +0 trident (weapon)
 b - a +0 scythe
Armour
 c - a +0 buckler (worn)
 f - a +0 scale mail (worn)
 l - a +0 cloak (worn)
Jewellery
 d - an amulet of regeneration
 o - a ring of magical power (left hand)
 t - a ring of protection from cold (right hand)
 u - an amulet of the acrobat (around neck)
Wands
 p - a wand of quicksilver (9)
 q - a wand of polymorph (4)
Scrolls
 g - a scroll of fear {unknown}
 h - 3 scrolls of revelation {unknown}
 i - 3 scrolls of enchant armour {unknown}
 k - 3 scrolls of enchant weapon {unknown}
 m - 3 scrolls of noise {unknown}
 n - a scroll of immolation {unknown}
 r - a scroll of fog
Potions
 e - a potion of heal wounds
 j - a potion of mutation


   Skills:
 - Level 3.2 Fighting
 + Level 7.7 Polearms
 - Level 3.2 Armour
 - Level 4.0 Shields
 - Level 2.0 Evocations


You had 6 spell levels left.
You didn't know any spells.
Your spell library contained the following spells:

 Spells                   Type           Power      Damage    Failure   Level
 Foxfire                  Conj/Fire      0%         2x1d4     80%         1
 Summon Forest            Summ/Tloc      0%         N/A       100%        5
 Summon Mana Viper        Hex/Summ       0%         N/A       100%        5
 Plasma Beam              Fire/Air       0%         2x1d10    100%        6
 Starburst                Conj/Fire      0%         6d3       100%        6
 Summon Cactus Giant      Summ           0%         N/A       100%        6


Dungeon Overview and Level Annotations

Branches:
Dungeon (4/15)
 Temple: D:4-7

Altars:


Innate Abilities, Weirdness & Mutations

You cannot be hasted, slowed, berserked, paralysed or teleported.
You can dig through walls and to a lower floor.
You have a pair of large antennae on your head. (SInv)
Your four strong arms can wield two-handed weapons with a shield.


Message History

You puncture the sleepcap!
The sleepcap is almost destroyed.
The kobold barely misses you. The sleepcap releases spores at you.
You are engulfed in a cloud of soporific spores!
You are unaffected.
Unknown command.
You hit the sleepcap.
The sleepcap is almost destroyed.
The sleepcap barely misses you. The kobold hits you with a +0 dagger.
You hit the sleepcap.
You destroy the sleepcap!
The kobold hits you but does no damage.
You puncture the kobold!
You kill the kobold!
An ogre comes into view. It is wielding a +0 giant spiked club.
The ogre shouts!
You see here a +0 dagger.
An ogre is nearby!
You swing at nothing.
You swing at nothing.
You swing at nothing.
You swing at nothing.
You swing at nothing.
Reach: a) +0 trident
Press: ? - help, Dir - move target, f - ogre
Aim: an ogre, wielding a +0 giant spiked club (about 25% to evade your +0 trident)
You reach to attack!
You puncture the ogre!
The ogre is heavily wounded.
You barely miss the ogre.
The ogre is heavily wounded.
The ogre hits you with a +0 giant spiked club!!
* * * LOW HITPOINT WARNING * * *
Unknown command.
Unknown command.
Unknown command.
You puncture the ogre!
The ogre is almost dead.
The ogre hits you with a +0 giant spiked club!!
Ouch! That really hurt!
You die...

#..### #..)# #. . #....#
##..### .. ##.####.#..#
#.....###..
...#.#".##.###....###.#.
.........#...#..#.....#.
##.....$#.......#.##....
...^..!.#...#.....####..
......O.)...####.###....
.......@##.## #........
............# ....#....
..###.##....# ##...###..
#! #.#..# ....#.... #
####... . ......# ...#
#.#.... ...# # #.#..
.##.###.... #.....#..


You could see an ogre.

Vanquished Creatures
  Sigmund (D:4)
  Edmund (D:4)
  A hound (D:3)
  Jessica (D:3)
  Natasha (thrice) (D:3)
  A sleepcap (D:4)
  Terence (D:2)
  4 adders
  2 dart slugs
  2 ribbon worms (D:2)
  7 orcs
  7 ball pythons
  5 bats
  8 endoplasms
  3 giant cockroaches
  5 goblins
  6 hobgoblins
  3 jackals (D:1)
  5 quokkas
  A frilled lizard (D:3)
  9 kobolds
  10 rats
86 creatures vanquished.

Notes
Turn   | Place    | Note
-------+----------+-------------------------------------------
     0 | D:1      | Cheops the Formicid Fighter began the quest for the Orb.
     0 | D:1      | Reached XP level 1. HP: 18/18 MP: 1/1
    86 | D:1      | Reached XP level 2. HP: 24/24 MP: 2/2
   277 | D:1      | Reached skill level 3 in Polearms
   588 | D:1      | Reached XP level 3. HP: 21/29 MP: 3/3
  1343 | D:2      | Reached skill level 4 in Polearms
  1343 | D:2      | Reached XP level 4. HP: 35/35 MP: 4/4
  1407 | D:2      | Noticed Terence
  1412 | D:2      | Killed Terence
  1875 | D:3      | Reached XP level 5. HP: 41/41 MP: 5/5
  2000 | D:3      | Noticed Jessica
  2016 | D:3      | Killed Jessica
  2017 | D:3      | Reached skill level 5 in Polearms
  2072 | D:3      | Noticed Natasha
  2084 | D:3      | Killed Natasha
  2085 | D:3      | Reached skill level 1 in Evocations
  2104 | D:3      | Noticed Natasha
  2113 | D:3      | Killed Natasha
  2114 | D:3      | Reached XP level 6. HP: 38/47 MP: 6/6
  2763 | D:3      | Noticed Natasha
  2768 | D:3      | Killed Natasha
  3312 | D:4      | Noticed Edmund
  3326 | D:4      | Killed Edmund
  3327 | D:4      | Reached skill level 6 in Polearms
  3647 | D:3      | Reached XP level 7. HP: 40/52 MP: 7/7
  3766 | D:4      | Noticed Sigmund
  3793 | D:4      | Killed Sigmund
  3794 | D:4      | Reached skill level 7 in Polearms
  3867 | D:4      | Noticed a +0 short sword
  3868 | D:4      | Noticed a +0 short sword
  3868 | D:4      | Noticed a +0 spear
  3868 | D:4      | Noticed a +0 falchion
  3868 | D:4      | Noticed a +0 falchion
  3869 | D:4      | Noticed a +0 dagger
  3869 | D:4      | Noticed a +0 dagger
  3919 | D:4      | Demolished by an ogre

Illustrated notes

Levels and vault maps discovered:
D:1:      mrwooster_arrival_arrow, layout_basic, patterned_corridor
D:2:      layout_basic, uniq_terence
D:3:      minmay_chambers_of_twos, layout_basic, kennysheep_decorative_pillar,
          small_statue_intersection, uniq_jessica, uniq_natasha
D:4:      layout_cave_pools, nicolae_uskayaw_en_pointe, uniq_robin, uniq_edmund,
          uniq_ijyb, uniq_sigmund

Skill      XL: |  1  2  3  4  5  6  7 |
---------------+----------------------+-----
Polearms       | 3 4 5 6 7 |  7.7
Evocations     | 1 2 |  2.0
Fighting       | |  3.2
Armour         | |  3.2
Shields        | |  4.0

Action                     |  1- 3 |  4- 6 |  7- 9 || total
---------------------------+-------+-------+-------++-------
  Melee: Trident           |   107 |   167 |    46 ||   320
Ability: Dig               |       |       |     1 ||     1
    Use: Potion            |       |     2 |       ||     2
         Scroll            |       |     5 |       ||     5
 Armour: Scale mail        |    55 |    80 |    22 ||   157
  Dodge: Dodged            |    37 |    60 |    11 ||   108
  Block: Buckler           |    16 |    34 |     4 ||    54
